Map: Pillars of Gold LE

Players

Seither - Winner!

  • Race: Terran Terran
  • League: Grandmaster
  • Spawn Location: 7:00

EnDerr

  • Race: Zerg Zerg
  • Spawn Location: 1:00

Event: DreamHack SC2 Masters 2020 Winter

VOD

Have the link to the VOD?

Description

Time

  • Played on: Oct. 24, 2020, 6:18 a.m.
  • Length: 11:19

All games in this series

Show
View Real Time Build Order
Export as new Build Order

Seither Terran - Winner!

Build Orders: Reaper Expand 

Get SALT Encoding   

  12  0:00  SCV  
  13  0:12  SCV  
  14  0:18  Supply Depot  
  14  0:24  SCV  
  15  0:40  SCV  
  15  0:41  Barracks  
  16  0:45  Refinery  
  16  0:52  SCV  
  17  1:04  SCV  
  18  1:16  SCV  
  19  1:28  Reaper  
  19  1:29  Orbital Command  
  20  1:43  Command Center  
  20  1:53  Supply Depot  
  20  1:55  SCV  
  20  2:00  Marine  
  22  2:07  SCV  
  23  2:12  Factory  
  23  2:19  Refinery  
  23  2:21  SCV  
  24  2:23  Barracks Reactor  
  24  2:33  SCV  
  25  2:46  SCV  
  26  2:56  Orbital Command  
  26  2:57  Starport  
  26  2:58  SCV  
  27  3:04  Hellion  
  27  3:05  Hellion  
  31  3:10  SCV  
  32  3:12  Marine  
  33  3:22  SCV  
  33  3:23  SCV  
  35  3:29  Hellion x2  
  35  3:33  Supply Depot  
  39  3:39  Fusion Core  
  39  3:41  SCV x2  
  41  3:44  Starport Tech Lab  
  41  3:47  Marine  
  41  3:53  SCV x2  
  43  3:57  Supply Depot  
  43  4:06  SCV x2  
  45  4:11  Barracks Tech Lab  
  45  4:12  Factory Reactor  
  45  4:13  Barracks x2  
  45  4:18  SCV x2  
  47  4:30  SCV  
  47  4:31  SCV  
  49  4:32  Refinery  
  49  4:35  Supply Depot  
  49  4:39  Engineering Bay  
  49  4:43  SCV x2  
  49  4:45  Battlecruiser  
  57  4:52  Marine  
  57  4:55  SCV x2  
  57  4:58  Supply Depot, Refinery  
  57  4:59  Factory Tech Lab  
  60  5:01  Stimpack  
  61  5:07  SCV x2  
  61  5:12  Marine x4  
  61  5:13  Marine  
  67  5:16  Terran Infantry Weapons Level 1  
  67  5:19  SCV  
  67  5:21  Supply Depot  
  68  5:25  SCV  
  69  5:31  SCV  
  69  5:32  Barracks  
  69  5:34  Marine x3, Barracks  
  73  5:39  Marine x2  
  78  5:42  Siege Tank  
  78  5:49  Supply Depot  
  78  5:53  Marine x3  
  81  5:57  Missile Turret, Marine x2  
  81  6:00  Starport Reactor  
  81  6:01  Supply Depot  
  83  6:11  Marine x3  
  83  6:12  Supply Depot  
  83  6:15  Siege Tank  
  89  6:19  Marine  
  89  6:24  Marine x3  
  93  6:29  Supply Depot, Marine x3  
  96  6:36  Medivac  
  96  6:37  Medivac, Marine  
  101  6:41  Combat Shield  
  101  6:42  Marine x3  
  101  6:46  Marine  
  101  6:47  Marine x2  
  105  6:55  Marine  
  105  6:56  Siege Tank  
  105  7:00  Marine x3  
  112  7:04  Marine  
  112  7:06  Supply Depot, Medivac  
  112  7:07  Medivac  
  117  7:12  Marine x2  
  117  7:13  Marine  
  117  7:14  Terran Infantry Armor Level 1  
  112  7:17  Marine  
  112  7:18  Missile Turret  
  113  7:28  Marine x3  
  114  7:30  Marine  
  114  7:34  Marine x2  
  114  7:35  Marine  
  114  7:39  Supply Depot  
  114  7:42  Siege Tank  
  117  7:45  Marine  
  117  7:46  Marine x2  
  117  7:47  Medivac x2  
  117  7:48  Marine  
  121  7:51  Marine  
  121  7:57  Marine x2  
  124  8:03  Marine x2  
  120  8:08  Marine x2  
  118  8:16  Marine x2  
  118  8:17  Medivac x2, Siege Tank  
  124  8:27  Marine x4  
  116  8:35  Marine x2  
  118  8:47  Medivac x2  
  95  8:49  Siege Tank  
  95  8:50  Marine x2  
  95  8:51  Marine x3  
  98  8:56  Marine  
  98  8:57  Marine  
  100  9:08  Marine x3  
  100  9:09  Marine  
  104  9:11  Marine  
  104  9:14  Marine x2  
  107  9:21  Siege Tank  
  110  9:26  Marine x4  
  110  9:28  Marine, Liberator x2  
  121  9:32  Marine x2  
  123  9:44  Marine x4  
  127  9:46  Marine  
  127  9:50  Marine x2  
  121  10:01  Marine  
  121  10:02  Marine x3  
  121  10:04  Marine  
  115  10:08  Marine x2  
  116  10:19  Marine x2  
  116  10:20  Marine  
  118  10:33  Marine  
  118  10:37  Orbital Command  
  101  10:53  Marine x2  
Show
View Real Time Build Order
Export as new Build Order

EnDerr Zerg 

Build Orders: Hatch First, Muta Ling Bane 

Get SALT Encoding   

  12  0:00  Drone  
  13  0:13  Overlord  
  13  0:18  Drone  
  14  0:31  Drone x2  
  16  0:53  Hatchery, Drone  
  16  0:56  Drone  
  17  1:00  Drone  
  18  1:09  Extractor  
  17  1:17  Spawning Pool  
  16  1:20  Drone  
  16  1:24  Drone  
  18  1:30  Drone  
  19  1:42  Drone  
  20  1:51  Drone  
  21  2:05  Queen x2, Drone  
  21  2:06  Overlord  
  26  2:12  Metabolic Boost  
  26  2:18  Drone  
  26  2:19  Drone  
  28  2:34  Spore Crawler  
  28  2:35  Drone  
  28  2:36  Drone x2  
  29  2:48  Queen x2  
  33  2:53  Overlord  
  33  2:57  Drone x2  
  35  3:00  Drone  
  36  3:13  Zergling x4  
  36  3:14  Zergling x2  
  36  3:17  Drone x3  
  36  3:18  Drone  
  43  3:22  Drone  
  43  3:23  Overlord  
  44  3:34  Lair  
  44  3:42  Drone  
  44  3:45  Drone  
  44  3:48  Drone x4  
  50  3:51  Extractor  
  50  3:55  Zergling x2, Baneling Nest  
  49  3:57  Drone  
  49  3:58  Drone x2  
  51  4:05  Extractor  
  51  4:06  Drone  
  51  4:08  Extractor  
  50  4:15  Overlord x2  
  50  4:24  Drone  
  51  4:27  Drone  
  52  4:32  Queen x2  
  52  4:35  Spire  
  55  4:42  Drone  
  56  4:47  Hatchery, Drone x3  
  56  4:48  Drone  
  59  4:59  Overlord  
  59  5:03  Overlord  
  59  5:05  Spore Crawler, Drone  
  59  5:06  Spore Crawler, Drone  
  59  5:12  Zergling x2  
  59  5:13  Zergling x4  
  61  5:40  Zergling x6  
  61  5:41  Zergling x2  
  64  5:47  Mutalisk x8  
  80  5:57  Zerg Flyer Weapons Level 1  
  80  6:03  Zergling x2  
  80  6:04  Zergling x4  
  83  6:07  Centrifical Hooks  
  83  6:09  Overlord x2  
  83  6:25  Evolution Chamber x2  
  82  6:27  Drone x2  
  82  6:28  Drone  
  82  6:29  Drone x5  
  89  6:35  Drone x2  
  89  6:38  Drone  
  89  6:39  Drone x2  
  94  6:46  Overlord  
  93  6:51  Mutalisk x3  
  93  6:52  Mutalisk  
  97  6:55  Overlord  
  97  7:00  Drone x2  
  91  7:15  Zerg Melee Weapons Level 1, Zerg Ground Armor Level 1  
  92  7:22  Zergling x2  
  92  7:23  Zergling x14  
  99  7:34  Mutalisk x2  
  99  7:37  Zergling x4  
  104  7:42  Zergling x8  
  104  7:43  Zergling x2  
  110  7:46  Zergling x2  
  109  7:52  Baneling x10  
  109  7:54  Zergling x4  
  109  7:55  Zergling x4  
  109  7:56  Baneling  
  109  7:57  Baneling  
  113  8:01  Zergling x4  
  113  8:04  Baneling x4  
  110  8:07  Zergling x2  
  108  8:14  Zergling x2  
  108  8:19  Zergling x4  
  96  8:21  Zergling x2  
  96  8:22  Zergling x12  
  93  8:27  Mutalisk  
  93  8:28  Mutalisk  
  93  8:30  Zergling x2, Queen  
  99  8:41  Zergling x2  
  94  8:43  Mutalisk x2  
  83  8:52  Mutalisk  
  83  8:55  Zergling x2  
  83  8:56  Zergling x2  
  83  8:59  Queen  
  83  9:01  Mutalisk  
  83  9:02  Zergling x4  
  89  9:03  Baneling  
  89  9:06  Zergling x2  
  89  9:08  Zergling x2  
  91  9:10  Zergling x2  
  91  9:11  Queen  
  91  9:12  Queen  
  91  9:15  Zergling x2  
  97  9:18  Zergling x2  
  97  9:24  Mutalisk x2  
  96  9:26  Zergling x2  
  101  9:32  Zergling x4  
  101  9:33  Baneling  
  101  9:34  Baneling x4  
  101  9:38  Zergling x2  
  104  9:43  Zergling x2  
  104  9:44  Zergling x2  
  104  9:45  Baneling x5  
  106  9:46  Overlord x3  
  106  9:51  Zergling x2  
  104  9:55  Zergling x2  
  105  10:00  Zergling x2  
  105  10:03  Zergling x2  
  102  10:09  Zergling x2  
  102  10:10  Zergling x6  
  102  10:11  Zergling x4  
  102  10:14  Baneling x6  
  103  10:18  Zergling x4  
  103  10:20  Queen  
  105  10:21  Zergling x2  
  105  10:26  Zergling x2  
  102  10:29  Zergling x2  
  102  10:31  Zergling x2  
  101  10:36  Baneling Nest  
  101  10:41  Zergling x2  
  101  10:42  Zergling x4  
  97  10:47  Zergling x2  
  97  10:49  Mutalisk x3  
  85  10:50  Zergling x2  
  85  10:53  Zergling x2  
  85  10:56  Zergling x2  
Tags
 
Add a new tag
Caveats
  • Supply blocks, unpowered buildings, or Contaminate may cause inaccurate times.
  • Supply counts are checked every 10 seconds.